 Dungeon Crawl Stone Soup version 0.28.0-45-g0d030f2227 (webtiles) character file.

Game seed: 10839286649740935132

56 zeratav the Insei (level 3, -2/24 HPs)
             Began as an Octopode Transmuter on Apr 13, 2022.
             Slain by a hobgoblin (5 damage)
             ... led by Robin
             ... on level 2 of the Dungeon.
             The game lasted 00:01:50 (1565 turns).

zeratav the Insei (Octopode Transmuter)             Turns: 1565, Time: 00:01:51

Health: -2/24      AC:  1    Str:  9    XL:     3   Next: 95%
Magic:  6/6        EV: 14    Int: 15    God:
Gold:   39         SH:  0    Dex: 20    Spells: 5/6 levels left

rFire   . . .      SeeInvis .     - Unarmed
rCold   . . .      Faith    .   (no shield)
rNeg    . . .      Spirit   .   (helmet restricted)
rPois   .          Reflect  .   (no amulet)
rElec   .          Harm     .   b - +6 ring of dexterity
rCorr   .          Rampage  .   (no ring)
Will    .....                   (no ring)
Stlth   +++.......              (no ring)
HPRegen 0.08/turn               (no ring)
MPRegen 0.10/turn               (no ring)
                                (no ring)
                                (no ring)

@: no status effects
A: almost no armour, amphibious, 8 rings, camouflage 1, gelatinous body 1,
(nimble swimmer 1), tentacles
a: no special abilities


You were on level 2 of the Dungeon.
You visited 1 branch of the dungeon, and saw 2 of its levels.

You collected 39 gold pieces.


Innate Abilities, Weirdness & Mutations

You cannot wear most types of armour.
You are amphibious.
You can wear up to eight rings at the same time.
Your skin changes colour to match your surroundings (Stealth+).
Your rubbery body absorbs attacks. (AC +1, EV +1)
((You are camouflaged when in or above water. (Stealth+)))
You have tentacles for arms and can constrict up to eight enemies at once.


   Skills:
 + Level 1.7 Fighting
 + Level 2.5 Dodging
 + Level 2.0 Stealth
 * Level 3.7 Unarmed Combat
 - Level 2.0 Spellcasting
 - Level 2.0 Transmutations


You had 5 spell levels left.
You knew the following spells:

 Your Spells              Type           Power      Damage    Failure   Level
a - Beastly Appendage     Tmut           14%        N/A       10%         1

Your spell library contained the following spells:

 Spells                   Type           Power      Damage    Failure   Level
 Wereblood                Tmut           7%         N/A       14%         2
 Spider Form              Tmut/Pois      4%         N/A       41%         3
 Ice Form                 Ice/Tmut       4%         N/A       82%         4

Inventory:

Jewellery
 b - a +6 ring of dexterity (left tentacle)
   (You found it on level 1 of the Dungeon)
Scrolls
 a - 2 scrolls of identify {unknown}
 c - a scroll of enchant armour {unknown}
 e - a scroll of noise {unknown}
Potions
 d - a potion of curing {unknown}
 f - a potion of lignification {unknown}

Dungeon Overview and Level Annotations

Branches:
Dungeon (2/15)

Altars:

# ######### ##
#.......#
.###.......##########
..........gg.)gg....#
.###......g######gg.#
####....†..# #.)@†###
...........###.####
..[...)...g##.>#
.........g†#..##
##..##...##..##
##..#..g..>###
##.)..g......#
####....###.#.
##..g......


You could see a hobgoblin (strong) and a goblin (strong).


Message History

The hobgoblin shouts!
The goblin shouts!
You tentacle-slap the goblin. You grab the goblin.
You pierce the goblin.
You kill the goblin!
You hear a shout!
Robin throws the goblin at you! The goblin misses you.
HP[+1]
The hobgoblin shouts!
You hear a shout!
The goblin hits you with a +0 dagger.
* * * LOW HITPOINT WARNING * * *
HP[-3]
You take 3 damage, and now have 10/23 hp.
The goblin hits you with a +0 dagger.
* * * LOW HITPOINT WARNING * * *
HP[-3]
You take 3 damage, and now have 7/23 hp.
MP[+1]
Your mp is fully restored (6).
The goblin no longer looks unusually strong.
You closely miss the goblin. Your grab misses the goblin.
You pierce the goblin.
You squeeze the goblin, but do no damage.
The goblin hits you with a +0 dagger.
* * * LOW HITPOINT WARNING * * *
HP[-2]
You take 2 damage, and now have 5/23 hp.
You barely miss the goblin. You grab the goblin.
You pierce the goblin.
You kill the goblin!
Your tentacle spike disappears.
The hobgoblin no longer looks unusually strong.
You now have 24 max hp (+1).
HP[+1] Robin roars a battlecry!
The hobgoblins go into a battle-frenzy!
There is a stone staircase leading up here.
You climb upwards.
There is a stone staircase leading down here.
You start resting.
HP[+18]
Your hp is fully restored (24).
Casting: Beastly Appendage (safe; 10% risk of failure)
Confirm with . or Enter, or press ? or * to list all spells.
You don't know that spell.
You climb downwards.
Level annotation: Robin The hobgoblin closely misses you.
The hobgoblin misses you.
There is a stone staircase leading up here.
You tentacle-slap the hobgoblin but do no damage.
You grab the hobgoblin. Your squeeze misses the hobgoblin.
You constrict the hobgoblin, but do no damage.
The hobgoblin barely misses you.
You tentacle-slap the hobgoblin.
You constrict the hobgoblin, but do no damage.
The hobgoblin barely misses you. The hobgoblin hits you.
HP[-3]
You take 3 damage, and now have 21/24 hp.
You tentacle-slap the hobgoblin but do no damage.
You constrict the hobgoblin.
You kill the hobgoblin!
You tentacle-slap Robin. Your grab misses Robin.
The hobgoblin closely misses you.
A goblin comes into view. It is wielding a +0 club.
Robin hits you with a +0 dagger.
HP[-4]
You take 4 damage, and now have 17/24 hp.
The goblin shouts!
You tentacle-slap Robin. You grab Robin. You constrict Robin, but do no damage.
The hobgoblin barely misses you. Robin barely misses you.
You tentacle-slap Robin but do no damage.
You constrict Robin. The hobgoblin misses you.
Robin roars a battlecry!
The hobgoblins go into a battle-frenzy!
You tentacle-slap Robin. You squeeze Robin, but do no damage.
You constrict Robin, but do no damage. The hobgoblin hits you.
HP[-3]
You take 3 damage, and now have 14/24 hp.
You tentacle-slap Robin. x2; You constrict Robin, but do no damage.
Robin closely misses you.
You tentacle-slap Robin. You squeeze Robin.
You kill Robin!
The hobgoblin hits you.
* * * LOW HITPOINT WARNING * * *
Your Stealth skill increases to level 2!
HP[-4]
You take 4 damage, and now have 10/24 hp.
You can't go down here!
You tentacle-slap the goblin but do no damage.
You grab the goblin. You squeeze the goblin.
You kill the goblin!
The hobgoblin hits you.
* * * LOW HITPOINT WARNING * * *
The hobgoblin hits you.
* * * LOW HITPOINT WARNING * * *
HP[-8]
You take 8 damage, and now have 2/24 hp.
MASSIVE DAMAGE!! (PAUSE)
You tentacle-slap the hobgoblin but do no damage.
Your grab misses the hobgoblin. You squeeze the hobgoblin.
You kill the hobgoblin!
The hobgoblin hits you.
You die...

Skill      XL: |  1  2  3 |
---------------+----------+-----
Stealth        | 1 2 |  2.0
Fighting       | |  1.7
Dodging        | |  2.5
Unarmed Combat | |  3.7
Spellcasting   | |  2.0
Transmutations | |  2.0

Action                   || total
-------------------------++-------
Melee: Unarmed           ||    74
       Punch             ||     5
       Constrict         ||    23
       Tentacles         ||    17
       Kick              ||    18
 Cast: Beastly Appendage ||    21
 Stab: Sleeping          ||     7
Armor: Skin              ||     3
Dodge: Dodged            ||    57

Levels and vault maps discovered:
D:1:      dpeg_arrival_windows_large_door, layout_loops_ring,
          ebering_ecumenical_altar_webs
D:2:      layout_rooms, basic_altar, uniq_robin

Notes
Turn   | Place    | Note
-------+----------+-------------------------------------------
     0 | D:1      | zeratav the Octopode Transmuter began the quest for the
                  | Orb.
     0 | D:1      | Reached XP level 1. HP: 13/13 MP: 3/3
     0 | D:1      | magus.rc [v1.9.6]
   309 | D:1      | Found a faded altar of an unknown god.
   316 | D:1      | Reached XP level 2. HP: 7/18 MP: 3/5
   510 | D:1      | Reached skill level 1 in Stealth
  1176 | D:2      | Reached XP level 3. HP: 23/23 MP: 4/6
  1306 | D:2      | Noticed Robin
  1324 | D:2      | HP: 5/23 [goblin/+0 dagger[Robin] (2)]
  1563 | D:2      | Killed Robin
  1564 | D:2      | Reached skill level 2 in Stealth
  1564 | D:2      | HP: 5/24 [hobgoblin[Robin] (5)]
  1564 | D:2      | HP: 2/24 [hobgoblin[Robin] (3)]
  1565 | D:2      | Slain by a hobgoblin

Vanquished Creatures
  Robin (D:2)
  3 ball pythons
  4 bats
  5 endoplasms
  4 giant cockroaches
  9 goblins
  3 hobgoblins (D:2)
  3 jackals (D:2)
  2 kobolds (D:1)
  A quokka (D:1)
  2 frilled lizards (D:1)
  4 rats (D:1)
41 creatures vanquished.

Table legend:
 A = Non-vault XP
 B = Vault XP
 C = Vault XP percentage of total XP
 D = Non-vault monster count
 E = Vault monster count
 F = Vault count percentage of total count
                 A         B        C        D         E       F
            +---------+---------+-------+---------+---------+-------
      Total |      52 |      30 |  36.6 |      32 |       9 |  22.0
            +---------+---------+-------+---------+---------+-------
        D:1 |      33 |       0 |   0.0 |      21 |       0 |   0.0
        D:2 |      19 |      30 |  61.2 |      11 |       9 |  45.0
            +---------+---------+-------+---------+---------+-------

Illustrated notes

Table legend:
 A = Kills in this place as a percentage of kills in entire the game.
 B = Kills by you in this place as a percentage of kills by you in the entire game.
 C = Kills by friends in this place as a percentage of kills by friends in the entire game.
 D = Other kills in this place as a percentage of other kills in the entire game.
 E = Experience gained in this place as a percentage of experience gained in the entire game.
 F = Experience gained in this place divided by the number of levels of this place that you have seen.
                   A       B       C       D       E      F
               +-------+-------+-------+-------+-------+----------------------
         Total | 100.0 | 100.0 |   N/A |   N/A | 100.0 |  41.0
       Dungeon | 100.0 | 100.0 |   N/A |   N/A | 100.0 |  41.0
               +-------+-------+-------+-------+-------+----------------------

Table legend: (Time is in decaauts)
 A = Elapsed time spent in this place.
 B = Non-inter-level travel time spent in this place.
 C = Inter-level travel time spent in this place.
 D = Time resting spent in this place.
 E = Time spent auto-exploring this place.
 F = Levels seen in this place.
 G = Mean time per level.
                   A        B        C        D        E       F      G
               +--------+--------+--------+--------+--------+-----+--------+
         Total |   1560 |   1523 |     37 |    392 |    905 |   2 |  780.0 |
       Dungeon |   1560 |   1523 |     37 |    392 |    905 |   2 |  780.0 |
               +--------+--------+--------+--------+--------+-----+--------+

Top non-repeatable levels by time:
     D:1: 1389 daAuts
     D:2: 171 daAuts
